 Dungeon Crawl Stone Soup version 0.21-a0-81-gc5150db (webtiles) character file.

75702 xgamer67 the Impaler (level 15, -3/113 HPs)
             Began as a Demonspawn Gladiator on June 23, 2017.
             Was the Champion of Makhleb.
             Slain by an orc warrior
             ... wielding a +0 mace
              (14 damage)
             ... while paralysed by an orc sorcerer
             ... on level 2 of the Orcish Mines.
             The game lasted 00:51:49 (26710 turns).

xgamer67 the Impaler (Demonspawn Gladiator)        Turns: 26710, Time: 00:51:50

Health: -3/113     AC: 11    Str: 20    XL:     15   Next: 10%
Magic:  0/26       EV:  2    Int: 10    God:    Makhleb [******]
Gold:   2591       SH:  0    Dex: 15    Spells: 14/14 levels left

rFire    . . .     SeeInvis .   a - +1 glaive (freeze)
rCold    . . .     Gourm    .   (shield currently unavailable)
rNeg     + + .     Faith    .   E - +0 ring mail "Pumual" {rN+ Slay+5}
rPois    +         Spirit   +   l - +1 helmet
rElec    .         Reflect  +   D - scarf {repulsion}
rCorr    .         Harm     .   (gloves unavailable)
MR       +....                  (no boots)
Stlth    +.........             y - +3 amulet of reflection
HPRegen  0.28/turn              B - ring of poison resistance
MPRegen  0.40/turn              A - ring of positive energy

@: paralysed, drained, repel missiles
A: claws 3, yellow scales 1, magic shield, magic regeneration, rot immunity
a: Minor Destruction, Lesser Servant of Makhleb, Major Destruction, Greater
Servant of Makhleb, Renounce Religion


You were on level 2 of the Orcish Mines.
You worshipped Makhleb.
Makhleb was exalted by your worship.
You were not hungry.

You visited 3 branches of the dungeon, and saw 21 of its levels.

You collected 2591 gold pieces.

Inventory:

Hand Weapons
 a - a +1 glaive of freezing (weapon)
 b - a +4 blowgun
 O - a +3 halberd of flaming
Missiles
 d - 5 throwing nets (quivered)
 V - 6 curare-tipped needles
Armour
 l - a +1 helmet (worn)
 p - a +2 plate armour of magic resistance
 C - a +0 plate armour
 D - a scarf of repulsion (worn)
 E - the +0 ring mail "Pumual" (worn) {rN+ Slay+5}
   (You found it on level 6 of the Dungeon)

   It affects your accuracy and damage with ranged weapons and melee attacks
   (+5).
   It protects you from negative energy.
 G - the +0 leather armour "Todilod" {rC+ rN+ rCorr}
   (You found it on level 7 of the Dungeon)

   It protects you from cold.
   It protects you from negative energy.
   It protects you from acid and corrosion.
Jewellery
 w - an uncursed ring of flight
 y - a +3 amulet of reflection (around neck)
 A - a ring of positive energy (right claw)
 B - a ring of poison resistance (left claw)
 L - an uncursed ring of fire
 U - an uncursed ring of ice
Wands
 u - a wand of acid (11/15)
 I - a wand of disintegration (15/24)
 K - a wand of digging (13/24)
 R - a wand of flame (12/48)
 T - a wand of iceblast (7/15)
 W - a wand of iceblast (6/15)
 X - a wand of disintegration (9/24)
Scrolls
 c - 7 scrolls of fog
 g - 7 scrolls of teleportation
 h - 10 scrolls of remove curse
 Q - 4 scrolls of enchant weapon
 S - 4 scrolls of blinking
Potions
 e - a potion of invisibility
 i - 6 potions of lignification
 j - 5 potions of flight
 k - a potion of mutation
 m - 8 potions of heal wounds
 n - 14 potions of curing {unknown}
 o - 5 potions of haste
 t - 4 potions of ambrosia
 z - 3 potions of brilliance
 N - a potion of berserk rage {unknown}
 P - a potion of resistance {unknown}
 Y - 2 potions of cancellation
Books
 F - a book of Misfortune

   Spells                             Type                      Level
   a - Confusing Touch                Hexes                        1
   b - Confuse                        Hexes                        3
   c - Gell's Gravitas                Translocation                3
   d - Petrify                        Transmutation/Earth          4
   e - Metabolic Englaciation         Hexes/Ice                    5
   f - Yara's Violent Unravelling     Hexes/Transmutation          5
 J - a book of Transfigurations

   Spells                             Type                      Level
   a - Irradiate                      Conjuration/Transmutation    5
   b - Statue Form                    Transmutation/Earth          6
   c - Hydra Form                     Transmutation                6
   d - Dragon Form                    Transmutation                7
 Z - a book of the Dragon

   Spells                             Type                      Level
   a - Flame Tongue                   Conjuration/Fire             1
   b - Cause Fear                     Hexes                        4
   c - Bolt of Fire                   Conjuration/Fire             6
   d - Dragon Form                    Transmutation                7
   e - Dragon's Call                  Summoning                    9
Miscellaneous
 v - a lamp of fire (inert)
Comestibles
 f - 10 bread rations
 q - 5 royal jellies
 r - 14 meat rations


   Skills:
 - Level 9.0(8.9) Fighting
 + Level 16.0(15.9) Polearms
 - Level 1.7(1.6) Throwing
 + Level 9.1(8.9) Armour
 + Level 8.7(8.5) Dodging
 - Level 15.0(14.8) Invocations
 - Level 5.0(4.8) Evocations


You had 14 spell levels left.
You didn't know any spells.

Dungeon Overview and Level Annotations

Branches:
Dungeon (13/15)            Temple (0/1) D:6            Lair (6/6) D:8
  Swamp (0/4) Lair:4        Snake (0/4) Lair:2        Slime (0/5) Lair:5
    Orc (2/2) D:12            Elf (0/3) Orc:2
 Vaults: D:13-14

Altars:
Ashenzari
Cheibriados
Dithmenos
Elyvilon
Gozag
Hepliaklqana
Kikubaaqudgha
Makhleb
Nemelex Xobeh
Okawaru
Qazlal
Trog
Uskayaw
Xom
Yredelemnul
Beogh
Jiyva

Shops:
D:12 [(

Portals:
Hell: Lair:6

Annotations:
D:9 Erolcha


Innate Abilities, Weirdness & Mutations

You have claws for hands.
You are partially covered in yellow scales. (AC +2)
When hurt, damage is shared between your health and your magic reserves.
You regenerate magic rapidly.
You are immune to rotting.


Message History

The orc knight roars a battlecry!
The orcs go into a battle-frenzy!
The orc knight is engulfed in blazing flames.
The orc knight roars a battlecry!
The orc knight goes into a battle-frenzy!
You hear a howl!
An orc warrior comes into view. It is wielding a hand axe.
You hear a shout!
The orc no longer looks unusually strong.
The orc sorcerer points at you and mumbles some strange words.
Helpless, you fail to dodge the bolt of negative energy.
You partially resist.
You feel drained.
* * * LOW HITPOINT WARNING * * *
The orc warrior hits you with a scimitar!
* * * LOW HITPOINT WARNING * * *
The orc knight is engulfed in blazing flames.
The orc knight roars a battlecry!
The orc goes into a battle-frenzy!
The orc warrior hits you with a mace!
You die...

............$...........####.#.$.
....#.....T..............##...##.
................o.......###..####
............oo..........)........
.............o4..O..o..o.........
........######..#######O###.###..
$.......#∩,,,#..# #.# #.# *..
........#,,,,#.[#######o###.##*,.
,.......*,,,,#.o@§o§o§§§.......,,
,,.....,***+*#oo###O###oo......,,
,,,,,,,,,,,.....# #.# #..8...8.,,
,,,,,,,,**#o###.# #.# #...o....,,
*,,,,,,,*..o,,#.#*#.#*#.###o###,,
,,,,,,,,*oo,,,#..,...,..#,,...*,,
,,,,,,,,*,,,,,#.#*#.#*#.#,,,o(*,,
,,,,,,,,*∩,,,,#.* #.# *.#,,_,,*,,
,,,,,,,,*******,***,***,*******,,


You could see 2 orc knights, a deep troll (wandering), an orc sorcerer, a red
devil, 6 orc warriors, an ogre and 3 orcs.

Vanquished Creatures
  Kirke (Lair:5)
  A stone giant (Orc:1)
  2 dire elephants (Lair:6)
  An ettin (Orc:1)
  7 hydras
  Fannar (Lair:2)
  2 anacondas (Lair:5)
  4 two-headed ogres
  An orc high priest (Orc:2)
  Nergalle (Orc:1)
  Sonja (D:11)
  A sixfirhy (Lair:6)
  An unseen horror (D:11)
  A wizard (Lair:6)
  A lindwurm (Lair:5)
  2 orc knights
  An ugly thing (D:12)
  15 cyclopes
  9 black mambas
  18 elephants
  4 torpor snails (Lair:6)
  Psyche (D:12)
  2 orange demons (Lair:6)
  12 spiny frogs
  5 rime drakes
  7 komodo dragons
  2 ice devils (Lair:6)
  A hellwing (Lair:6)
  2 trolls (Orc:1)
  A hornet (D:10)
  4 polar bears
  5 slime creatures (D:12)
  10 blink frogs
  7 hippogriffs
  A hog (Lair:5)
  54 yaks
  5 wyverns
  A basilisk (Lair:5)
  3 hungry ghosts
  A steam dragon (Lair:5)
  A naga (Lair:2)
  A soldier ant (D:12)
  14 wargs
  3 swamp worms (Lair:4)
  23 water moccasins
  3 hell hounds (Lair:6)
  7 porcupines
  2 ice beasts
  15 orc warriors
  4 sky beasts
  6 black bears
  A necrophage (D:8)
  2 phantoms
  16 ogres
  7 centaurs
  20 wolves
  10 crocodiles
  A big kobold (D:7)
  16 bullfrogs
  3 killer bees (D:11)
  7 scorpions
  3 howler monkeys
  5 wights (D:11)
  3 electric eels
  A centaur zombie (D:12)
  3 bullfrog zombies
  6 crimson imps
  A quasit (D:12)
  2 bullfrog skeletons
  2 jellies
  13 orc priests
  A gnoll shaman (D:7)
  11 hounds
  15 orc wizards
  5 iguanas
  Terence (D:3)
  18 worker ants
  A killer bee zombie (D:10)
  A hound zombie (D:8)
  A hound skeleton (D:11)
  5 gnolls (D:7)
  15 adders
  5 shadow imps
  2 oozes (D:3)
  An adder zombie (D:9)
  An adder skeleton (D:9)
  2 worms
  2 dart slugs
  7 leopard geckos
  61 orcs
  4 bats
  3 bat zombies (D:2)
  9 giant cockroaches
  9 goblins
  2 hobgoblins
  13 jackals
  12 kobolds
  2 quokkas
  A ball python skeleton (D:5)
  5 frilled lizards
  A jackal skeleton (D:4)
  A leopard gecko zombie (D:6)
  A quokka skeleton (D:4)
  9 rats
  2 rat zombies (D:2)
  A fungus (D:1)
630 creatures vanquished.

Vanquished Creatures (collateral kills)
  2 orc knights (Orc:2)
  An orange demon (Lair:6)
  A red devil (Lair:6)
  A warg (Orc:2)
  6 orc warriors (Orc:2)
  An ogre (Orc:2)
  6 orcs (Orc:2)
18 creatures vanquished.

Vanquished Creatures (others)
  A cyclops (Orc:1)
  2 humans
  A crocodile (Lair:6)
  A bush (Lair:2)
  9 fungi
  9 plants
23 creatures vanquished.

Grand Total: 671 creatures vanquished

Notes
Turn   | Place    | Note
-------+----------+-------------------------------------------
     0 | D:1      | xgamer67 the Demonspawn Gladiator began the quest for the Orb.
     0 | D:1      | Reached XP level 1. HP: 16/16 MP: 1/1
    27 | D:1      | Reached skill level 3 in Polearms
   221 | D:1      | Gained mutation: You are immune to rotting. [demonic ancestry]
   221 | D:1      | Reached XP level 2. HP: 20/22 MP: 2/2
   590 | D:1      | Gained mutation: You are partially covered in yellow scales. (AC +2) [demonic ancestry]
   590 | D:1      | Reached XP level 3. HP: 27/27 MP: 3/3
  1502 | D:2      | Reached skill level 4 in Polearms
  1841 | D:2      | Found a burning altar of Makhleb.
  1849 | D:2      | Became a worshipper of Makhleb the Destroyer
  2028 | D:2      | Reached XP level 4. HP: 31/33 MP: 4/4
  2111 | D:2      | Found a shadowy altar of Dithmenos.
  2371 | D:2      | Found an ancient bone altar of Kikubaaqudgha.
  2621 | D:3      | Reached * piety under Makhleb
  2646 | D:3      | Found a hazy altar of Hepliaklqana.
  2676 | D:3      | Found an iron altar of Okawaru.
  2729 | D:3      | Reached skill level 5 in Polearms
  3034 | D:3      | Noticed Terence
  3373 | D:4      | Reached XP level 5. HP: 26/38 MP: 3/5
  3563 | D:4      | Found a basalt altar of Yredelemnul.
  4010 | D:4      | Noticed an ogre
  4035 | D:3      | Reached skill level 6 in Polearms
  4088 | D:3      | Killed Terence
  4114 | D:3      | Gained mutation: You have sharp fingernails. [demonic ancestry]
  4114 | D:3      | Reached XP level 6. HP: 30/44 MP: 4/6
  4118 | D:3      | Reached ** piety under Makhleb
  4314 | D:3      | Found an opulent altar of Gozag.
  4411 | D:3      | Found a sparkling altar of Nemelex Xobeh.
  5056 | D:5      | Entered Level 5 of the Dungeon
  5209 | D:5      | Reached skill level 7 in Polearms
  5414 | D:5      | Gained mutation: When hurt, damage is shared between your health and your magic reserves. [demonic ancestry]
  5414 | D:5      | Reached XP level 7. HP: 24/50 MP: 2/7
  5682 | D:5      | Reached skill level 8 in Polearms
  6236 | D:6      | Found a staircase to the Ecumenical Temple.
  6251 | D:6      | Reached skill level 9 in Polearms
  6251 | D:6      | Reached XP level 8. HP: 55/56 MP: 8/8
  6413 | D:6      | Found a shimmering altar of Xom.
  6797 | D:6      | Reached skill level 10 in Polearms
  6996 | D:6      | HP: 1/58 [orc priest/divine providence (12)]
  7370 | D:6      | Noticed a death knight
  7440 | D:6      | Got a slimy ring mail
  7467 | D:5      | Identified the cursed +0 ring mail "Pumual" {rN+ Slay+5} (You found it on level 6 of the Dungeon)
  7790 | D:6      | Found a snail-covered altar of Cheibriados.
  7867 | D:6      | Found a white marble altar of Elyvilon.
  8038 | D:7      | Reached skill level 5 in Fighting
  8059 | D:7      | Noticed a hippogriff
  8069 | D:7      | Killed a hippogriff
  8069 | D:7      | Gained mutation: You have very sharp fingernails. [demonic ancestry]
  8069 | D:7      | Reached XP level 9. HP: 69/69 MP: 6/9
  8218 | D:7      | Got a twisted leather armour
  8236 | D:7      | Identified the +0 leather armour "Todilod" {rC+ rN+ rCorr} (You found it on level 7 of the Dungeon)
  8252 | D:7      | Found a stormy altar of Qazlal.
  8288 | D:7      | Reached skill level 1 in Armour
  8383 | D:7      | Reached *** piety under Makhleb
  8927 | D:8      | Noticed a two-headed ogre
  9329 | D:9      | Noticed Erolcha
  9398 | D:9      | Found a shimmering altar of Xom.
  9399 | D:9      | Found a shimmering altar of Xom.
  9400 | D:9      | Found a shimmering altar of Xom.
  9404 | D:9      | Reached skill level 5 in Dodging
  9409 | D:9      | Found a shimmering altar of Xom.
  9409 | D:9      | Found a shimmering altar of Xom.
  9442 | D:10     | Entered Level 10 of the Dungeon
  9847 | D:10     | Reached skill level 5 in Armour
  9847 | D:10     | Reached XP level 10. HP: 58/76 MP: 7/10
  9856 | D:10     | Reached **** piety under Makhleb
 10782 | D:8      | Found a staircase to the Lair.
 11295 | D:9      | Reached skill level 11 in Polearms
 11592 | D:8      | Reached ***** piety under Makhleb
 11861 | D:8      | Found a hide-covered altar of Uskayaw.
 11961 | D:8      | Reached skill level 1 in Invocations
 11961 | D:8      | Reached skill level 1 in Evocations
 12006 | D:8      | Found a shattered altar of Ashenzari.
 12084 | D:8      | Killed a two-headed ogre
 12543 | D:11     | Gained mutation: You have claws for hands. [demonic ancestry]
 12543 | D:11     | Reached XP level 11. HP: 81/81 MP: 10/13
 12625 | D:11     | Killed an unseen horror
 12730 | D:11     | Reached skill level 12 in Polearms
 12856 | D:11     | Reached skill level 5 in Invocations
 13027 | D:11     | Noticed Sonja
 13036 | D:11     | Killed Sonja
 13364 | D:12     | Found Rice's Armour Boutique.
 13661 | D:12     | Noticed a two-headed ogre
 13673 | D:12     | Killed a two-headed ogre
 13787 | D:12     | Reached skill level 5 in Evocations
 13860 | D:12     | Found a staircase to the Orcish Mines.
 13893 | D:12     | Noticed a green ugly thing
 13901 | D:12     | Killed a green ugly thing
 13930 | D:12     | Found Deshouza's Weapon Shop.
 14103 | D:12     | Noticed a two-headed ogre
 14107 | D:12     | Killed a two-headed ogre
 14190 | D:12     | You fall through a shaft!
 14214 | D:12     | Noticed Psyche
 14255 | D:12     | Killed Psyche
 14489 | D:12     | Reached XP level 12. HP: 88/88 MP: 18/18
 14517 | D:12     | Reached skill level 13 in Polearms
 14862 | D:9      | Noticed a two-headed ogre
 14919 | Lair:1   | Entered Level 1 of the Lair of Beasts
 15342 | Lair:1   | Reached skill level 10 in Invocations
 15568 | Lair:1   | Noticed a five-headed hydra
 15572 | Lair:1   | Killed a two-headed hydra
 16108 | Lair:2   | Noticed Fannar
 16122 | Lair:2   | Killed Fannar
 16681 | Lair:2   | Found a shimmering altar of Xom.
 16712 | Lair:2   | Found a staircase to the Snake Pit.
 17878 | Lair:3   | Reached ****** piety under Makhleb
 17881 | Lair:3   | Reached skill level 14 in Polearms
 18625 | Lair:3   | Reached XP level 13. HP: 82/93 MP: 19/22
 19699 | Lair:4   | Reached skill level 15 in Polearms
 20068 | Lair:4   | Found a staircase to the Swamp.
 20276 | Lair:5   | Found a bloodstained altar of Trog.
 20822 | Lair:5   | Found a staircase to the Slime Pits.
 20823 | Lair:5   | Found a viscous altar of Jiyva.
 21106 | Lair:5   | Noticed Kirke
 21126 | Lair:5   | Killed Kirke
 21207 | Lair:5   | Reached skill level 16 in Polearms
 21532 | Lair:5   | Gained mutation: You regenerate magic rapidly. [demonic ancestry]
 21532 | Lair:5   | Reached XP level 14. HP: 100/100 MP: 22/24
 21703 | Lair:6   | Entered Level 6 of the Lair of Beasts
 22382 | Lair:6   | Found a snail-covered altar of Cheibriados.
 22536 | Lair:6   | Reached skill level 15 in Invocations
 22681 | Lair:6   | Found a shimmering altar of Xom.
 23424 | Lair:6   | Found a burning altar of Makhleb.
 23429 | Lair:6   | Found a gateway to Hell.
 24206 | Orc:1    | Entered Level 1 of the Orcish Mines
 24303 | Orc:1    | Noticed Nergalle
 24312 | Orc:1    | Killed Nergalle
 25084 | Orc:1    | Noticed a stone giant
 25094 | Orc:1    | Killed a stone giant
 25136 | Orc:1    | Got an ichor-stained scale mail
 25147 | Orc:1    | Identified the +0 scale mail of Ischesh {Dex+4 Stlth+} (You found it on level 1 of the Orcish Mines)
 25438 | Orc:1    | Found a roughly hewn altar of Beogh.
 25665 | Orc:1    | Reached XP level 15. HP: 113/113 MP: 26/26
 25697 | Orc:2    | Entered Level 2 of the Orcish Mines
 25697 | Orc:2    | Found a staircase to the Elven Halls.
 25992 | Orc:2    | Found a roughly hewn altar of Beogh.
 26705 | Orc:2    | Paralysed by an orc sorcerer for 7 turns
 26710 | Orc:2    | Slain by an orc warrior

Vault maps used:
D:1:      tarquinn_simple_flora_water_e, minmay_crystal_water,
          minmay_misc_feat_chi, minmay_gold_behind_fungi
D:2:      grunt_dithmenos_smoke, overflow_temple_1_default,
          lemuel_zombie_altar_kikubaaqudgha, minmay_pentomino_t2
D:3:      marbit_many_paths, overflow_temple_1_default,
          nicolae_gozag_seed_capital, nemelex_lonely_heart_becter, uniq_terence
D:4:      kennysheep_spiral_hall, yredelemnul_altar_generic, first_bread,
          kennysheep_generic_room_12
D:6:      old_standard_altar, kennysheep_mini,
          minmay_temple_entry_statues_fountains, basic_altar, fountainhead
D:7:      basic_altar, grunt_ogre_cave
D:8:      ashenzari_altar_1, kennysheep_mini_moat, erik_lair_orcish_takeover
D:9:      minmay_misc_feat_columns, fountainhead, xom_shifter_show, uniq_erolcha
D:10:     kennysheep_six_static_rooms
D:11:     eino_tiny_chamber, minmay_misc_feat_room, uniq_sonja
D:12:     david_orc_3, serial_shops, nicolae_shop_waterfront, shop, uniq_psyche
D:13:     basic_altar
Lair:2:   guppyfry_snake_entry_island, basic_altar, serial_bayou_shore_a,
          uniq_fannar
Lair:3:   gammafunk_lair_bear_cave
Lair:4:   nicolae_swamp_entry_splash_gauntlet
Lair:5:   beast_lair_carwin_large_4, slime_altar_1, basic_altar, minivault_23,
          uniq_kirke
Lair:6:   evil_forest, basic_altar, minivault_25, serial_bayou_ford_a,
          minivault_11, kennysheep_snail_temple
Orc:1:    giant_chief_lemuel, basic_altar, uniq_nergalle
Orc:2:    st_orc_town, lab_entry_generic, basic_altar, nicolae_orc_pool_cavern,
          guppyfry_orc_lava_fort

Skill      XL: |  1  2  3  4  5  6  7  8  9 10 11 12 13 14 15 |
---------------+----------------------------------------------+-----
Polearms       | 3 4 5 6 7 9 10 11 12 14 16 | 16.0
Fighting       | 5 6 9 |  9.0
Armour         | 5 6 8 9 |  9.1
Dodging        | 5 6 8 |  8.7
Invocations    | 3 9 12 14 15 | 15.0
Evocations     | 2 5 |  5.0
Throwing       | |  1.7

Action                   |  1- 3 |  4- 6 |  7- 9 | 10-12 | 13-15 || total
-------------------------+-------+-------+-------+-------+-------++-------
Melee: Trident           |   170 |   288 |   481 |   211 |       ||  1150
       Halberd           |       |       |       |   567 |   829 ||  1396
       Glaive            |       |       |       |       |    99 ||    99
Throw: Javelin           |       |       |     1 |       |       ||     1
Invok: Greater Servant o |       |       |       |       |     3 ||     3
       Major Destruction |       |       |       |       |     1 ||     1
Evoke: Wand              |       |     1 |       |     7 |     5 ||    13
       Lamp of fire      |       |       |       |       |     1 ||     1
  Use: Scroll            |       |     7 |     5 |    15 |     8 ||    35
       Potion            |       |       |       |       |     4 ||     4
 Stab: Invisible         |       |       |       |       |     3 ||     3
       Distracted        |       |       |       |       |     5 ||     5
  Eat: Chunk             |     4 |    10 |    18 |    27 |    27 ||    86
       Royal jelly       |       |       |     1 |     1 |       ||     2
Armor: Leather armour    |    14 |       |       |       |       ||    14
       Chain mail        |    69 |   127 |       |       |       ||   196
       Plate armour      |       |    25 |   135 |       |       ||   160
       Ring mail         |       |       |    75 |   192 |   169 ||   436
Dodge: Dodged            |    63 |    68 |   165 |   397 |   514 ||  1207
       Deflected         |       |       |     4 |    20 |    26 ||    50
Block: Other             |       |       |       |    54 |    99 ||   153
       Reflection        |       |       |       |     1 |     7 ||     8
